 Dungeon Crawl Stone Soup version 0.17-a0-2098-gf59d6bc (webtiles) character file.

594979 brucemayne the Executioner (level 25, -5/182 HPs)
             Began as a Demonspawn Berserker on Oct 17, 2015.
             Was a High Priest of Makhleb.
             Slain by an ancient champion
             ... wielding a +0 great sword of slicing
              (16 damage)
             ... while paralysed by a vampire knight
             ... on level 16 of a ziggurat.
             The game lasted 03:20:45 (19964 turns).

brucemayne the Executioner (Demonspawn Berserker)  Turns: 19964, Time: 03:20:46

Health: -5/182     AC: 27    Str: 24 (25) XL:     25   Next: 78%
Magic:  7/10       EV:  6    Int: 11      God:    Makhleb [*****.]
Gold:   3452       SH:  0    Dex: 17      Spells: 4 memorised, 25 levels left

rFire  + + .     SeeInvis .     M - +9 executioner's axe (antimagic)
rCold  + . .     Clarity  .     g - +1 plate armour {MR+}
rNeg   + . .     SustAt   .     (no shield)
rPois  +         Gourm    .     H - +1 helmet {rF+}
rElec  .         Spirit   .     X - +1 ratskin cloak {rPois rN+ Int-1 Dex-1}
rCorr  +         Warding  .     S - +3 pair of gloves of Byerio {rF+ rCorr Str+2 Dex+4}
rMut   +         Stasis   .     (boots unavailable)
MR     ++...                    i - amulet of resist mutation
Stlth  ..........               v - ring of Panis {Ice +Blink Dex-2 Slay+3}
                                Q - +3 ring of slaying

@: paralysed, flayed, very slightly contaminated, repel missiles, drained, very
resistant to hostile enchantments, extremely unstealthy
A: hooves 3, repulsion field 3, fire resistance 1, powered by death 2, spiny 3,
no device heal 1, flame cloud immunity
a: Minor Destruction, Lesser Servant of Makhleb, Major Destruction, Greater
Servant of Makhleb, Renounce Religion, Evoke Blink
}: 4/15 runes: serpentine, barnacled, slimy, silver


You were on level 16 of a ziggurat.
You worshipped Makhleb.
Makhleb was extremely pleased with you.
You were not hungry.

You visited 9 branches of the dungeon, and saw 50 of its levels.
You visited 1 ziggurat, and saw 16 of its levels.
You also visited: Labyrinth, Bailey, Ice Cave and Volcano.

You collected 4389 gold pieces.
You spent 937 gold pieces at shops.

Inventory:

Hand Weapons
 c - a +9 executioner's axe of chopping
 d - the +1 battleaxe "Impslayer" {drain, rElec MR+}
   (Trog gifted it to you on level 2 of the Orcish Mines)

   A truly terrible weapon, it drains the life of those it strikes.
   It insulates you from electricity.
   It affects your resistance to hostile enchantments.
 o - a +9 executioner's axe of venom
 M - a +9 antimagic executioner's axe (weapon)
 N - the +6 broad axe of Intimidation {venom, rPois rF- MR++ Int+4}
   (You found it on level 8 of the Lair of Beasts)

   It poisons the flesh of those it strikes.
   It affects your intelligence (+4).
   It makes you vulnerable to fire.
   It protects you from poison.
   It affects your resistance to hostile enchantments.
Missiles
 T - 42 javelins (quivered)
Armour
 g - a +1 plate armour of magic resistance (worn)
 B - the +0 Maxwell's etheric cage {RegenMP *Contam rElec MP+4}
   (You found it on level 12 of a ziggurat)

   It insulates you from electricity.
   It affects your magic capacity (+4).
   It causes magical contamination when unequipped.
 H - a +1 helmet of fire resistance (worn)
 S - the +3 pair of gloves of Byerio (worn) {rF+ rCorr Str+2 Dex+4}
   (You found it in a labyrinth)

   It affects your strength (+2).
   It affects your dexterity (+4).
   It protects you from fire.
   It protects you from acid and corrosion.
 X - the +1 ratskin cloak (worn) {rPois rN+ Int-1 Dex-1}
   (You found it on level 5 of the Vaults)

   It affects your intelligence (-1).
   It affects your dexterity (-1).
   It protects you from poison.
   It protects you from negative energy.
Rods
 Z - a +4 rod of clouds (12/12)
   (You found it in a labyrinth)
Jewellery
 b - the amulet "Nyrphise" {+Rage rF++}
   (You found it on level 10 of a ziggurat)

   [amulet of rage]

   It greatly protects you from fire.
   It lets you go berserk.
 i - an amulet of resist mutation (around neck)
 u - the amulet "Voepp" {Ward rN+ MR+ Dex+2}
   (You found it on level 14 of a ziggurat)

   [amulet of warding]

   It may prevent the melee attacks of summoned creatures.
   It affects your dexterity (+2).
   It protects you from negative energy.
   It affects your resistance to hostile enchantments.
 v - the ring of Panis (right hand) {Ice +Blink Dex-2 Slay+3}
   (You found it on level 6 of the Pits of Slime)

   [ring of ice]

   It enhances your ice magic, and weakens your fire magic.
   It affects your dexterity (-2).
   It affects your accuracy and damage with ranged weapons and melee attacks
   (+3).
   It makes you vulnerable to fire.
   It protects you from cold.
   It lets you blink.
 w - an uncursed ring of flight
 D - the ring of Dariun {rF++ rC+ MP-9}
   (You found it on level 5 of the Vaults)

   [ring of protection from cold]

   It greatly protects you from fire.
   It protects you from cold.
   It affects your magic capacity (-9).
 E - an uncursed ring of protection from magic
 P - the amulet of Cekugob {Ward -Tele rElec rPois rN++ AC+1 EV+1}
   (You took it off an ironheart preserver on level 5 of the Vaults)

   [amulet of warding]

   It may prevent the melee attacks of summoned creatures.
   It affects your AC (+1).
   It affects your evasion (+1).
   It insulates you from electricity.
   It protects you from poison.
   It greatly protects you from negative energy.
   It prevents most forms of teleportation.
 Q - a +3 ring of slaying (left hand)
 R - an uncursed amulet of clarity
Wands
 a - a wand of cold (7)
 p - a wand of digging (12)
 q - a wand of digging (4)
Scrolls
 f - 2 scrolls of enchant armour
 h - 2 scrolls of fog
 k - 2 scrolls of identify
 l - 17 scrolls of remove curse
 m - 6 scrolls of teleportation
 n - 2 scrolls of magic mapping
 x - a scroll of fear
 y - 4 scrolls of enchant weapon
 z - a scroll of blinking
 K - a scroll of silence
 W - 3 scrolls of recharging
Potions
 e - a potion of cure mutation
 r - 2 potions of resistance
 s - 2 potions of flight
 A - 7 potions of curing
 C - 2 potions of magic
 I - 4 potions of might
 J - a potion of experience
 L - 2 potions of cancellation
Miscellaneous
 G - a legendary deck of defence {the Shaft}
 V - a fan of gales
 Y - a phial of floods
Comestibles
 j - 9 meat rations
 t - 7 bread rations
 F - 3 royal jellies


   Skills:
 - Level 11.2(10.5) Fighting
 - Level 26.4(25.4) Axes
 + Level 14.9(14.1) Armour
 - Level 10.8(10.1) Dodging
 - Level 4.0(3.4) Spellcasting
 + Level 6.0(5.3) Summonings
 - Level 10.3(9.6) Translocations
 - Level 11.4(10.7) Invocations
 - Level 5.1(4.4) Evocations


You had 25 spell levels left.
You knew the following spells:

 Your Spells              Type           Power        Failure   Level  Hunger
a - Blink                 Tloc           N/A          8%          2    ###....
b - Summon Butterflies    Summ           ##......     24%         1    #......
c - Conjure Flame         Conj/Fire      #.......     100%        3    ###....
d - Apportation           Tloc           ###.......   4%          1    #......


Dungeon Overview and Level Annotations

Branches:
Dungeon (15/15)            Temple (1/1) D:7            Lair (8/8) D:10
 Shoals (4/4) Lair:3        Snake (4/4) Lair:3        Slime (6/6) Lair:7
    Orc (4/4) D:11            Elf (0/3) Orc:3        Vaults (5/5) D:13
  Crypt (0/3) Vaults:3     Depths (3/5) D:15

Altars:
Ashenzari
Dithmenos
Elyvilon
Kikubaaqudgha
Makhleb
Nemelex Xobeh
Okawaru
Ru
Sif Muna
Trog
Vehumet
Yredelemnul
Zin
The Shining One
Beogh
Jiyva

Shops:
D:6 (   D:9 }   D:12 !   Orc:3 %   Orc:4 !(::   Vaults:1 }   Vaults:2 [
Vaults:4 (   Vaults:5 [   Depths:1 (

Portals:
Pandemonium: Depths:3

Annotations:
Lair:6 exclusion: oklob plant
Vaults:3 Wiglaf


Innate Abilities, Weirdness & Mutations

You have hooves in place of feet.
You are surrounded by a strong repulsion field (EV +4, rMsl).
Your flesh is heat resistant.
You regenerate health from kills.
You are completely covered in sharp spines.
You are immune to clouds of flame.
Potions and wands are less effective at restoring your health.


Message History

The vampire knight is struck by your spines.
The vampire knight hits you but does no damage.
The vampire knight bites you but does no damage.
The vampire knight is struck by your spines.
The vampire knight hits you with an enchanted long sword!
* * * LOW HITPOINT WARNING * * *
The vampire knight barely misses you.
The ancient champion hits you but does no damage.
The flayed ghost cries, "Suffer as I suffered!"
The vampire knight is struck by your spines.
The vampire knight hits you but does no damage.
The vampire knight bites you but does no damage.
The ancient champion hits you with a great sword of slicing.
* * * LOW HITPOINT WARNING * * *
x2 The vampire knight barely misses you.
The vampire knight bites you but does no damage.
The flayed ghost stares at you with tortured malice.
The ancient champion is struck by your spines.
The ancient champion hits you with a great sword of slicing!
You die...

▓.........
▓.........
▓.........
▓▓▓▓▓▓▓▓▓....§....
▓.........*.§.§...
▓.......W.......W.
▓).:....e....§WD..
▓[W...DDW....W§≈..
▓@z!W...L...≈§§≈≈.
▓V||".......≈§#≈≈e
▓∩[!........§§§D≈.
▓.[[........z§§≈..
▓.................
▓.................
▓.................
▓▓▓▓▓▓▓▓▓ ... ..


You could see 2 bone dragons, an ancient lich, a vampire knight, 2 eidola, an
ancient champion, a deep elf death mage and 2 flayed ghosts.

Vanquished Creatures
  the royal jelly (Slime:6)
  An ancient lich (Vaults:5)
  Saint Roka (Vaults:2)
  2 profane servitors
  3 liches
  Jorgrun (Snake:3)
  A tentacled monstrosity (Vaults:5)
  4 titans (Vaults:5)
  Asterion (Depths:1)
  A Shadow Fiend (Zig:15)
  12 acid blobs
  3 tentacled starspawn
  2 sphinxes (Vaults:5)
  A kraken (Shoals:4)
  2 quicksilver dragons (Vaults:5)
  An octopode crusher (Zig:9)
  3 ancient champions
  A shadow dragon (Vaults:4)
  A revenant (Vaults:3)
  4 tengu reavers (Vaults:5)
  4 greater nagas (Snake:4)
  4 storm dragons
  Roxanne (Shoals:2)
  3 frost giants
  8 azure jellies
  4 deep elf sorcerers
  3 iron dragons
  3 black suns (Zig:15)
  3 fire giants
  6 vault wardens
  A spectral caustic shrike (Zig:15)
  2 orc warlords (Zig:12)
  A draconian annihilator (Zig:10)
  2 reapers
  13 ironheart preservers
  16 stone giants
  3 deep elf demonologists
  7 very ugly things
  2 vampire knights
  5 blood saints
  3 deep elf annihilators
  A dire elephant (Zig:8)
  3 salamander stormcallers (Vaults:5)
  5 ettins
  2 deep elf death magi
  A minotaur (Lab)
  5 death oozes
  2 eidola
  7 merfolk javelineers
  2 fire dragons (Depths:1)
  8 large abominations
  2 blizzard demons (Zig:6)
  25 vault guards
  15 yaktaur captains
  4 deep elf high priests
  A spectral quicksilver dragon (Zig:15)
  6 great orbs of eyes
  10 merfolk impalers
  3 ice dragons
  Harold (Orc:2)
  2 jiangshi (Zig:16)
  13 starcursed masses (Zig:13)
  8 naga warriors
  A spectral fire giant (Zig:15)
  4 hydras
  An anaconda (Snake:2)
  4 merfolk avatars
  4 satyrs
  3 merfolk aquamancers
  A dancing weapon (Vaults:5)
  6 centaur warriors
  4 catoblepae
  2 alligator snapping turtles
  A tengu warrior (D:9)
  11 death yaks (Lair:8)
  5 deep troll shamans
  A vampire mage (Zig:5)
  7 ogre magi
  An alligator (shapeshifter) (Vaults:5)
  7 small abominations
  3 deep troll earth magi
  2 shock serpents
  Urug (Orc:1)
  A storm dragon zombie (D:15)
  4 orc high priests
  9 naga sharpshooters
  A soul eater (Zig:5)
  4 iron trolls
  A deep elf knight (Vaults:2)
  2 fire crabs
  A wretched star (Zig:13)
  4 shadow wraiths
  A giant orange brain (shapeshifter) (Vaults:5)
  A golden dragon zombie (D:15)
  2 skeletal warriors
  A spatial maelstrom (Zig:13)
  A swamp dragon (shapeshifter) (Vaults:5)
  11 sea snakes
  A sea snake (shapeshifter) (D:13)
  4 wizards
  A kraken simulacrum (Shoals:4)
  2 naga ritualists
  A deep elf summoner (Vaults:3)
  An ice statue (IceCv)
  A flayed ghost (D:15)
  4 ironbrand convokers
  An obsidian statue (Zig:1)
  14 deep trolls
  2 phantasmal warriors
  A harpy (shapeshifter) (Vaults:5)
  8 hill giants
  3 necromancers
  4 wolf spiders
  5 deep elf conjurers
  A human zombie (Vaults:1)
  5 water nymphs
  12 orc knights
  47 ugly things
  15 griffons
  A sphinx skeleton (Vaults:1)
  8 shining eyes
  11 harpies
  A tengu skeleton (Zig:6)
  9 cyclopes
  23 manticores
  8 elephants
  A hornet (shapeshifter) (Vaults:5)
  A moth of wrath (shapeshifter) (Vaults:5)
  13 spiny frogs
  A cyclops (shapeshifter) (Vaults:5)
  10 fauns
  5 orc sorcerers
  A frost giant skeleton (D:15)
  2 salamanders
  9 naga magi
  2 moths of wrath (Zig:12)
  A stone giant skeleton (Zig:6)
  13 black mambas
  12 vault sentinels
  A water nymph (shapeshifter) (Vaults:2)
  11 sirens
  An eye of devastation (shapeshifter) (Vaults:5)
  3 gargoyles
  2 eyes of devastation (Zig:14)
  2 torpor snails
  2 guardian serpents
  3 centaur skeletons
  7 komodo dragons
  2 molten gargoyles (Volcano)
  An efreet (Zig:2)
  18 yaktaurs
  2 kobold demonologists
  4 fire drakes
  A yaktaur (shapeshifter) (Vaults:3)
  5 blue devils (IceCv)
  A spriggan skeleton (Zig:6)
  3 deep elf priests (Vaults:2)
  A guardian mummy (D:15)
  3 trolls
  An ancient zyme (Zig:13)
  The ghost of 4thArraOfDagon the Firebug, a novice DEFE of Vehumet (D:9)
  3 raiju
  5 wind drakes
  A queen bee (shapeshifter) (D:14)
  A tengu conjurer (Zig:3)
  A merfolk (shapeshifter) (Depths:1)
  A harpy skeleton (D:15)
  31 merfolk
  6 polar bears
  6 freezing wraiths
  2 boulder beetles
  69 slime creatures
  10 two-headed ogres
  16 snapping turtles
  3 blink frogs (Lair:4)
  A blink frog (shapeshifter) (D:13)
  A fire dragon zombie (D:15)
  A trapdoor spider (D:15)
  3 human simulacra
  A spriggan (Lair:8)
  2 humans (shapeshifter)
  8 deep elf fighters
  9 water elementals
  Eustachio (D:6)
  3 deep elf magi
  2 wolves (Orc:2)
  2 golden eyes
  A basilisk (Lair:8)
  2 neqoxecs (Zig:13)
  3 wyverns
  An elf skeleton (Vaults:1)
  A basilisk (shapeshifter) (Vaults:1)
  53 yaks
  A vampire (D:15)
  A wraith (Vaults:1)
  4 hippogriffs
  A chaos spawn (Zig:13)
  8 wargs
  A hippogriff (shapeshifter) (Depths:1)
  An insubstantial wisp (Zig:13)
  21 nagas
  A hell hound (Volcano)
  An ogre zombie (Vaults:1)
  6 porcupines
  A mottled dragon (Vaults:2)
  14 water moccasins
  2 soldier ants
  44 orc warriors
  11 vampire mosquitoes
  An ogre skeleton (Vaults:1)
  Duvessa (D:4)
  2 ice beasts (D:9)
  6 eyes of draining
  A phantom (D:7)
  2 sky beasts
  36 ogres
  A spider (shapeshifter) (Vaults:5)
  13 crocodiles
  3 black bears
  15 centaurs
  A necrophage (D:10)
  2 big kobolds
  A wyvern zombie (D:13)
  10 giant frogs
  A wyvern skeleton (D:7)
  A scorpion (shapeshifter) (Vaults:2)
  2 scorpions
  The ghost of brucemayne the Chopper, a weakling HOBe of Trog (D:6)
  4 killer bees (D:8)
  3 electric eels (D:10)
  26 jellies
  5 crimson imps
  A giant frog zombie (D:10)
  35 orc priests
  A centaur zombie (D:5)
  4 hounds
  2 giant frog skeletons
  22 orc wizards
  8 iguanas
  A worker ant (D:5)
  A killer bee zombie (D:6)
  16 sheep
  A hound zombie (D:10)
  17 gnolls
  5 adders
  2 shadow imps
  7 white imps
  30 river rats
  A giant eyeball (Depths:3)
  9 ufetubi (IceCv)
  2 oozes (Lair:7)
  An adder zombie (D:5)
  3 worms
  A giant gecko (D:9)
  196 orcs
  2 ball pythons (Lair:3)
  3 giant cockroaches
  20 hobgoblins
  18 kobolds
  3 quokkas
  6 bats
  4 goblins
  3 jackals (D:1)
  A quokka skeleton (D:8)
  4 rats (D:1)
  8 crawling corpses
  2 fungi
  11 plants
  3 starspawn tentacles
  A starspawn tentacle segment (Zig:2)
  2 tentacles (Shoals:4)
1682 creatures vanquished.

Vanquished Creatures (collateral kills)
  5 acid blobs (Slime:6)
  An azure jelly (Slime:6)
  Maud (Orc:4)
  A stone giant (Zig:12)
  Josephine (Orc:3)
  A great orb of eyes (Slime:6)
  2 hydras (Lair:8)
  An orc high priest (Orc:4)
  A deep troll (Vaults:5)
  4 ice devils (IceCv)
  A deep elf conjurer (Vaults:5)
  A necromancer (Zig:10)
  3 orc sorcerers (Orc:4)
  An elephant (shapeshifter) (Vaults:5)
  A merfolk (Shoals:4)
  A blink frog (Lair:8)
  A blue devil (IceCv)
  3 wraiths (Orc:3)
  A warg (Orc:4)
  5 orc warriors
  9 orc wizards (Orc:4)
  4 orc priests
  A river rat (Lair:8)
  19 orcs
69 creatures vanquished.

Vanquished Creatures (others)
  Ilsuiw (Shoals:4)
  A fire giant (Vaults:5)
  A tengu reaver (Vaults:5)
  A reaper (Zig:16)
  A stone giant (Depths:2)
  A vampire knight (Depths:2)
  A merfolk javelineer (Shoals:4)
  A merfolk impaler (Shoals:4)
  A shock serpent (Zig:11)
  A naga mage (Snake:4)
  A tengu conjurer (Zig:10)
  An ogre (Vaults:5)
  3 white imps (IceCv)
  A kobold (D:12)
  2 fungi
  11 plants
  8 starspawn tentacles
  152 starspawn tentacle segments
  15 tentacles (Shoals:4)
  104 tentacle segments (Shoals:4)
  11 toadstools (Lair:6)
319 creatures vanquished.

Grand Total: 2070 creatures vanquished

Notes
Turn   | Place    | Note
--------------------------------------------------------------
     0 | D:1      | brucemayne the Demonspawn Berserker began the quest for the Orb.
     0 | D:1      | Reached XP level 1. HP: 18/18 MP: 1/1
   197 | D:1      | Gained mutation: You are partially covered in sharp spines. [demonic ancestry]
   197 | D:1      | Reached XP level 2. HP: 17/24 MP: 2/2
   310 | D:1      | Reached ** piety under Trog
   427 | D:2      | Gained mutation: You regenerate a little health from kills. [demonic ancestry]
   427 | D:2      | Reached XP level 3. HP: 27/29 MP: 3/3
   476 | D:2      | Found a sparkling altar of Nemelex Xobeh.
   543 | D:4      | Reached skill level 4 in Axes
   616 | D:4      | Noticed Duvessa
   672 | D:4      | Killed Duvessa
   672 | D:4      | Reached skill level 5 in Axes
   672 | D:4      | Gained mutation: You have large cloven feet. [demonic ancestry]
   672 | D:4      | Reached XP level 4. HP: 27/35 MP: 4/4
   672 | D:4      | Reached XP level 5. HP: 31/41 MP: 5/5
   810 | D:5      | Entered Level 5 of the Dungeon
   810 | D:5      | Noticed an ogre
   819 | D:5      | Killed an ogre
   821 | D:5      | Reached skill level 6 in Axes
   862 | D:5      | Gained mutation: You have hoof-like feet. [demonic ancestry]
   862 | D:5      | Reached XP level 6. HP: 47/47 MP: 6/6
   932 | D:6      | Reached skill level 7 in Axes
  1029 | D:6      | Noticed brucemayne's ghost (weakling HOBe)
  1036 | D:6      | Killed brucemayne's ghost
  1036 | D:6      | Reached XP level 7. HP: 52/52 MP: 7/7
  1119 | D:6      | Reached *** piety under Trog
  1160 | D:6      | Found Cibo's Antique Weapon Shop.
  1171 | D:6      | Found a white marble altar of Elyvilon.
  1182 | D:6      | Noticed Eustachio
  1217 | D:6      | Killed Eustachio
  1243 | D:7      | Reached skill level 8 in Axes
  1277 | D:7      | Found a shadowy altar of Dithmenos.
  1335 | D:7      | Reached XP level 8. HP: 51/58 MP: 8/8
  1539 | D:9      | Reached skill level 9 in Axes
  1577 | D:10     | Entered Level 10 of the Dungeon
  1684 | D:10     | Found a staircase to the Lair.
  1743 | D:9      | Reached skill level 10 in Axes
  1784 | D:8      | Found a bloodstained altar of Trog.
  1841 | D:8      | Reached **** piety under Trog
  1895 | D:9      | Found Wahu's Gadget Shop.
  1952 | D:9      | Noticed 4thArraOfDagon's ghost (novice DEFE)
  1966 | D:9      | Killed 4thArraOfDagon's ghost
  1966 | D:9      | Reached XP level 9. HP: 63/63 MP: 9/9
  1991 | D:9      | Reached skill level 11 in Axes
  2005 | D:9      | Found a sacrificial altar of Ru.
  2383 | D:12     | Noticed a purple ugly thing
  2393 | D:12     | Killed a purple ugly thing
  2412 | D:12     | Noticed a green ugly thing
  2448 | D:12     | Killed a green ugly thing
  2448 | D:12     | Reached skill level 12 in Axes
  2485 | D:12     | Noticed a gargoyle
  2502 | D:12     | Killed a gargoyle
  2587 | D:12     | Found Quzuqaink's Distillery.
  2595 | D:12     | Bought a potion of might for 52 gold pieces
  2595 | D:12     | Bought a potion of heal wounds for 65 gold pieces
  2643 | D:12     | Found a labyrinth entrance.
  2649 | Lab      | Entered a labyrinth
  2819 | Lab      | Noticed a minotaur
  2838 | Lab      | Killed a minotaur
  2838 | Lab      | Reached skill level 13 in Axes
  2838 | Lab      | Gained mutation: You regenerate health from kills. [demonic ancestry]
  2838 | Lab      | Reached XP level 10. HP: 70/70 MP: 10/10
  2845 | Lab      | Got a pair of heavily runed gloves
  2855 | Lab      | Identified the +3 pair of gloves of Byerio {rF+ rCorr Str+2 Dex+4} (You found it in a labyrinth)
  2856 | Lab      | this is the one
  2912 | D:12     | Noticed a hill giant
  2923 | D:12     | Killed a hill giant
  2946 | D:12     | Noticed a centaur skeleton
  2956 | D:12     | Killed a centaur skeleton
  3166 | D:11     | Found a staircase to the Orcish Mines.
  3201 | Orc:1    | Entered Level 1 of the Orcish Mines
  3201 | Orc:1    | Found a flagged portal.
  3201 | Orc:1    | Noticed Urug
  3223 | Orc:1    | Killed Urug
  3288 | Bailey   | Entered a bailey
  3296 | Bailey   | Reached ***** piety under Trog
  3432 | Bailey   | Noticed an orc knight
  3472 | Bailey   | Killed an orc knight
  3472 | Bailey   | Reached skill level 5 in Fighting
  3474 | Bailey   | Received a gift from Trog
  3626 | Orc:1    | Noticed Harold
  3640 | Orc:2    | Reached skill level 5 in Armour
  3641 | Orc:2    | Killed Harold
  3641 | Orc:2    | Gained mutation: You are mostly covered in sharp spines. [demonic ancestry]
  3641 | Orc:2    | Reached XP level 11. HP: 78/81 MP: 11/11
  3678 | Orc:3    | Noticed Josephine
  3751 | Orc:1    | Reached skill level 14 in Axes
  3920 | Orc:3    | Found a staircase to the Elven Halls.
  4009 | Orc:2    | Received a gift from Trog
  4010 | Orc:2    | Got a scorched battleaxe {god gift}
  4013 | Orc:2    | Identified the +1 battleaxe "Impslayer" {drain, rElec MR+} (Trog gifted it to you on level 2 of the Orcish Mines)
  4074 | Orc:2    | Found a frozen archway.
  4079 | Orc:2    | Noticed an ice dragon
  4098 | Orc:2    | Killed an ice dragon
  4128 | IceCv    | Entered an ice cave
  4175 | IceCv    | Noticed an ice statue
  4175 | IceCv    | Noticed an ice statue
  4223 | IceCv    | Killed an ice statue
  4251 | IceCv    | Reached skill level 15 in Axes
  4295 | IceCv    | Noticed an ice devil
  4311 | IceCv    | Killed an ice devil
  4331 | IceCv    | Noticed an ice devil
  4345 | IceCv    | Killed an ice devil
  4345 | IceCv    | Received a gift from Trog
  4356 | IceCv    | Noticed an ice devil
  4356 | IceCv    | Noticed an ice devil
  4364 | IceCv    | Killed an ice devil
  4367 | IceCv    | Killed an ice devil
  4582 | Orc:4    | Entered Level 4 of the Orcish Mines
  4651 | Orc:4    | Noticed an orc high priest
  4690 | Orc:4    | Killed an orc high priest
  4690 | Orc:4    | Gained mutation: You are surrounded by a mild repulsion field (EV +2). [demonic ancestry]
  4690 | Orc:4    | Reached XP level 12. HP: 84/87 MP: 12/12
  4761 | Orc:4    | Found a roughly hewn altar of Beogh.
  4769 | Orc:4    | Reached skill level 16 in Axes
  4871 | Orc:3    | Killed Josephine
  4983 | Orc:3    | Noticed an orc high priest
  4989 | Orc:3    | Killed an orc high priest
  4998 | Orc:3    | Found a roughly hewn altar of Beogh.
  5275 | Orc:4    | Noticed Maud
  5286 | Orc:4    | Killed Maud
  5293 | Orc:4    | Received a gift from Trog
  5295 | Orc:4    | Noticed an orc high priest
  5299 | Orc:4    | Killed an orc high priest
  5324 | Orc:4    | Found Fuplootzu's Book Emporium.
  5324 | Orc:4    | Found Xyoriots's Distillery.
  5324 | Orc:4    | Found Qohoru's Antique Weapon Shoppe.
  5341 | Orc:4    | Found Weoc's Book Emporium.
  5354 | Orc:4    | Bought a potion of curing for 36 gold pieces
  5354 | Orc:4    | Bought 2 potions of resistance for 240 gold pieces
  5354 | Orc:4    | Bought a potion of heal wounds for 60 gold pieces
  5418 | Orc:3    | Found Hoothryly's Food Shop.
  5555 | D:11     | Noticed a cyclops
  5564 | D:11     | Killed a cyclops
  5729 | Lair:1   | Entered Level 1 of the Lair of Beasts
  5840 | Lair:3   | Reached skill level 17 in Axes
  5857 | Lair:3   | Found a staircase to the Snake Pit.
  5873 | Lair:3   | Reached ****** piety under Trog
  5902 | Lair:3   | Found a staircase to the Shoals.
  5962 | Lair:4   | Received a gift from Trog
  6094 | Lair:4   | Reached XP level 13. HP: 92/98 MP: 13/13
  6110 | Lair:4   | Noticed a six-headed hydra
  6122 | Lair:4   | Killed a nine-headed hydra
  6523 | Lair:6   | Received a gift from Trog
  6684 | Lair:6   | Found a radiant altar of Vehumet.
  6710 | Lair:6   | Reached skill level 18 in Axes
  6773 | Lair:7   | Found a staircase to the Slime Pits.
  6794 | Lair:6   | Found a basalt altar of Yredelemnul.
  6899 | Lair:6   | Found a dark tunnel.
  6907 | Volcano  | Entered a volcano
  6949 | Volcano  | Found a burning altar of Makhleb.
  7546 | Lair:8   | Entered Level 8 of the Lair of Beasts
  7555 | Lair:8   | Identified a +4 rod of clouds (12/12) (You found it in a labyrinth)
  7771 | Lair:8   | Gained mutation: You are surrounded by a moderate repulsion field (EV +3). [demonic ancestry]
  7771 | Lair:8   | Reached XP level 14. HP: 84/105 MP: 14/14
  7771 | Lair:8   | Reached skill level 19 in Axes
  7904 | Lair:8   | Received a gift from Trog
  8197 | Lair:8   | Got a bloodstained broad axe
  8198 | Lair:8   | Identified the +6 broad axe of Intimidation {venom, rPois rF- MR++ Int+4} (You found it on level 8 of the Lair of Beasts)
  8421 | Slime:1  | Entered Level 1 of the Pits of Slime
  8421 | Slime:1  | Noticed an acid blob
  8421 | Slime:1  | Noticed an acid blob
  8431 | Lair:7   | Killed an acid blob
  8431 | Lair:7   | Reached skill level 20 in Axes
  8469 | Slime:1  | Noticed an azure jelly
  8471 | Slime:1  | Killed an acid blob
  8503 | Slime:1  | Killed an azure jelly
  8520 | Slime:1  | Received a gift from Trog
  8532 | Slime:2  | Noticed an acid blob
  8548 | Slime:2  | Killed an acid blob
  8548 | Slime:2  | Reached skill level 5 in Dodging
  8636 | Slime:2  | Noticed an azure jelly
  8648 | Slime:2  | Killed an azure jelly
  8710 | Slime:3  | Paralysed by a great orb of eyes for 5 turns
  8720 | Slime:3  | Gained mutation: Your flesh is heat resistant. [demonic ancestry]
  8720 | Slime:3  | Reached XP level 15. HP: 109/114 MP: 15/15
  8872 | Slime:6  | Entered Level 6 of the Pits of Slime
  8902 | Slime:5  | Received a gift from Trog
  9026 | Slime:6  | Noticed an acid blob
  9108 | Slime:6  | Killed an acid blob
  9131 | Slime:6  | Reached skill level 10 in Fighting
  9158 | Slime:6  | Noticed an acid blob
  9193 | Slime:6  | Killed an acid blob
  9253 | Slime:6  | Found a viscous altar of Jiyva.
  9253 | Slime:6  | Noticed an acid blob
  9255 | Slime:6  | Noticed the royal jelly
  9256 | Slime:6  | Killed an acid blob
  9258 | Slime:6  | Noticed an acid blob
  9261 | Slime:6  | Killed an acid blob
  9263 | Slime:6  | Noticed an acid blob
  9263 | Slime:6  | Noticed an acid blob
  9263 | Slime:6  | Noticed an azure jelly
  9264 | Slime:6  | Noticed an acid blob
  9265 | Slime:6  | Noticed an acid blob
  9270 | Slime:6  | Noticed an acid blob
  9273 | Slime:6  | Killed an acid blob
  9280 | Slime:6  | Noticed an azure jelly
  9282 | Slime:6  | Killed an acid blob
  9282 | Slime:6  | Noticed an acid blob
  9284 | Slime:6  | Killed the royal jelly
  9284 | Slime:6  | Noticed an azure jelly
  9284 | Slime:6  | Noticed an acid blob
  9284 | Slime:6  | Noticed an azure jelly
  9292 | Slime:6  | Killed an acid blob
  9295 | Slime:6  | Killed an acid blob
  9304 | Slime:6  | Killed an acid blob
  9305 | Slime:6  | Killed an acid blob
  9313 | Slime:6  | Killed an acid blob
  9319 | Slime:6  | Killed an azure jelly
  9323 | Slime:6  | Killed an azure jelly
  9329 | Slime:6  | Killed an azure jelly
  9334 | Slime:6  | Killed an azure jelly
  9385 | Slime:6  | Got a vibrating turquoise ring
  9430 | Slime:6  | Got a smoking hand axe
  9445 | Slime:6  | Noticed an acid blob
  9448 | Slime:6  | Got a slimy rune of Zot
  9475 | Slime:6  | Identified the ring of Panis {Ice +Blink Dex-2 Slay+3} (You found it on level 6 of the Pits of Slime)
  9520 | Slime:6  | Identified a +4 rod of destruction (14/14) (You found it on level 6 of the Pits of Slime)
  9535 | Slime:6  | Killed an acid blob
  9535 | Slime:6  | Reached skill level 10 in Armour
  9626 | Lair:7   | Identified the +9 hand axe of a Thousand Beds {chop, rElec rPois rC- Int+4} (You found it on level 6 of the Pits of Slime)
  9629 | Lair:7   | Reached skill level 10 in Dodging
  9629 | Lair:7   | Reached XP level 16. HP: 97/122 MP: 16/16
  9842 | Shoals:1 | Entered Level 1 of the Shoals
  9956 | Shoals:2 | Noticed Roxanne
 10246 | Shoals:2 | Reached XP level 17. HP: 126/128 MP: 17/17
 10426 | Shoals:3 | Found a sacrificial altar of Ru.
 10472 | Shoals:4 | Entered Level 4 of the Shoals
 10594 | Shoals:3 | Noticed Mara
 10816 | Shoals:3 | Noticed brucemayne's illusion
 11220 | Shoals:4 | Got a fine battleaxe
 11221 | Shoals:4 | Identified the cursed +1 battleaxe of Doubt {freeze, MP+9} (You found it on level 4 of the Shoals)
 11394 | Shoals:4 | Reached skill level 21 in Axes
 11654 | Shoals:4 | Got a brightly glowing greatsling
 11762 | Shoals:4 | Received a gift from Trog
 11822 | Shoals:4 | Noticed Ilsuiw
 11877 | Shoals:4 | Killed Ilsuiw
 12004 | Shoals:4 | Got a barnacled rune of Zot
 12122 | Shoals:2 | Killed Roxanne
 12195 | Snake:1  | Entered Level 1 of the Snake Pit
 12345 | Snake:3  | Noticed Jorgrun
 12352 | Snake:3  | Killed Jorgrun
 12355 | Snake:3  | Gained mutation: You are surrounded by a strong repulsion field (EV +4, rMsl). [demonic ancestry]
 12355 | Snake:3  | Reached XP level 18. HP: 132/134 MP: 18/18
 12355 | Snake:3  | Reached skill level 22 in Axes
 12448 | Snake:4  | Entered Level 4 of the Snake Pit
 12723 | Snake:4  | Received a gift from Trog
 12799 | Snake:4  | Got a serpentine rune of Zot
 13107 | Lair:1   | Found an ancient bone altar of Kikubaaqudgha.
 13261 | D:12     | Bought a potion of cancellation for 104 gold pieces
 13434 | D:15     | Entered Level 15 of the Dungeon
 13844 | D:13     | Found a gate to the Vaults.
 13862 | Vaults:1 | Entered Level 1 of the Vaults
 14006 | Vaults:1 | Received a gift from Trog
 14095 | Vaults:1 | Found Lysus's Gadget Shoppe.
 14139 | Vaults:1 | Reached skill level 1 in Evocations
 14440 | Vaults:2 | Found an ancient bone altar of Kikubaaqudgha.
 14509 | Vaults:2 | Received a gift from Trog
 14549 | Vaults:2 | Gained mutation: You are completely covered in sharp spines. [demonic ancestry]
 14549 | Vaults:2 | Reached XP level 19. HP: 93/143 MP: 22/22
 14605 | Vaults:2 | Reached skill level 5 in Evocations
 14830 | Vaults:2 | Found Niputeug's Armour Emporium.
 14859 | Vaults:2 | Noticed Saint Roka
 14875 | Vaults:2 | Killed Saint Roka
 15033 | Vaults:3 | Found a staircase to the Crypt.
 15055 | Vaults:3 | Reached skill level 23 in Axes
 15203 | Vaults:4 | Received a gift from Trog
 15427 | Vaults:3 | Noticed Wiglaf
 15664 | Vaults:4 | Received a gift from Trog
 15769 | Vaults:4 | Found Xomioso's Antique Weapon Shoppe.
 15906 | Vaults:4 | Reached skill level 24 in Axes
 15955 | Vaults:5 | Entered Level 5 of the Vaults
 16060 | Vaults:5 | Reached XP level 20. HP: 131/150 MP: 23/23
 16061 | Vaults:5 | Received a gift from Trog
 16263 | Vaults:5 | Reached skill level 25 in Axes
 16303 | Vaults:5 | Got a silver rune of Zot
 16436 | Vaults:5 | Got a pair of scorched gloves
 16484 | Vaults:5 | Received a gift from Trog
 16506 | Vaults:5 | Found Byanock's Armour Shop.
 16545 | Vaults:5 | Identified the +0 pair of gloves of Boeluorch {Regen+} (You found it on level 5 of the Vaults)
 16555 | Vaults:5 | Got a slimy turquoise ring
 16559 | Vaults:5 | Identified the ring of Dariun {rF++ rC+ MP-9} (You found it on level 5 of the Vaults)
 16567 | Vaults:5 | Identified the Almanac of the Rocks (You found it on level 5 of the Vaults)
 16734 | Vaults:5 | Noticed an ancient lich
 16755 | Vaults:5 | Killed an ancient lich
 16770 | Vaults:5 | Received a gift from Trog
 16942 | Vaults:5 | Received a gift from Trog
 16942 | Vaults:5 | Reached skill level 26 in Axes
 16957 | Vaults:5 | Reached XP level 21. HP: 146/156 MP: 24/24
 17578 | D:9      | Found a shattered altar of Ashenzari.
 17661 | D:7      | Found a staircase to the Ecumenical Temple.
 17670 | Temple   | Entered the Ecumenical Temple
 17694 | Temple   | Fell from the grace of Trog
 17694 | Temple   | Became a worshipper of Makhleb the Destroyer
 17698 | Temple   | Learned a level 2 spell: Blink
 17700 | Temple   | Learned a level 1 spell: Summon Butterflies
 17704 | Temple   | Learned a level 3 spell: Conjure Flame
 17707 | Temple   | Learned a level 1 spell: Apportation
 17787 | D:9      | Noticed a hill giant
 17788 | D:9      | Noticed a tengu warrior
 17797 | D:9      | Killed a tengu warrior
 17805 | D:9      | Killed a hill giant
 17845 | D:10     | Reached skill level 1 in Spellcasting
 17969 | D:15     | Reached skill level 1 in Translocations
 18091 | D:15     | Reached * piety under Makhleb
 18130 | D:15     | Found a staircase to the Depths.
 18171 | Depths:1 | Entered Level 1 of the Depths
 18193 | Depths:1 | Found Orauseat's Antique Weapon Boutique.
 18203 | Depths:1 | Bought a glowing executioner's axe for 380 gold pieces
 18228 | Depths:1 | Noticed Asterion
 18249 | Depths:1 | Killed Asterion
 18281 | Depths:1 | Reached ** piety under Makhleb
 18411 | Depths:3 | Found a one-way gate leading to the halls of Pandemonium.
 18442 | Depths:1 | Reached skill level 5 in Translocations
 18551 | Depths:3 | Paralysed by a giant eyeball for 4 turns
 18555 | Depths:3 | Found a gateway to a ziggurat.
 18565 | Depths:3 | Paralysed by a giant eyeball for 4 turns
 18590 | Zig:1    | Entered Level 1 of a ziggurat
 18608 | Zig:2    | Entered Level 2 of a ziggurat
 18644 | Zig:3    | Entered Level 3 of a ziggurat
 18665 | Zig:4    | Entered Level 4 of a ziggurat
 18677 | Zig:4    | Reached *** piety under Makhleb
 19029 | Zig:5    | Entered Level 5 of a ziggurat
 19066 | Zig:5    | Got a brightly glowing chain mail
 19070 | Zig:5    | Identified the +4 chain mail "Zauce" {Regen+} (You found it on level 5 of a ziggurat)
 19072 | Zig:6    | Entered Level 6 of a ziggurat
 19103 | Zig:7    | Entered Level 7 of a ziggurat
 19122 | Zig:7    | Reached skill level 1 in Invocations
 19179 | Zig:8    | Entered Level 8 of a ziggurat
 19201 | Zig:8    | Reached **** piety under Makhleb
 19203 | Zig:8    | Reached XP level 22. HP: 163/163 MP: 26/28
 19214 | Zig:8    | Reached skill level 5 in Invocations
 19248 | Zig:8    | Gained mutation: You have hooves in place of feet. [demonic ancestry]
 19248 | Zig:8    | Reached XP level 23. HP: 169/169 MP: 29/29
 19264 | Zig:8    | Identified a +4 rod of clouds (10/10) (You found it on level 6 of a ziggurat)
 19269 | Zig:9    | Entered Level 9 of a ziggurat
 19302 | Zig:9    | Reached skill level 10 in Invocations
 19353 | Zig:10   | Entered Level 10 of a ziggurat
 19418 | Zig:10   | Got a pitted ruby amulet
 19422 | Zig:10   | Identified the amulet "Nyrphise" {+Rage rF++} (You found it on level 10 of a ziggurat)
 19424 | Zig:11   | Entered Level 11 of a ziggurat
 19435 | Zig:11   | Reached ***** piety under Makhleb
 19442 | Zig:11   | Got a warped ivory amulet
 19445 | Zig:12   | Entered Level 12 of a ziggurat
 19457 | Zig:12   | Identified the amulet of Cesurub {Gourm rF+ rN+ Str+2} (You found it on level 11 of a ziggurat)
 19601 | Zig:13   | Entered Level 13 of a ziggurat
 19628 | Zig:13   | Paralysed by a lich for 6 turns
 19638 | Zig:13   | Paralysed by accursed screaming for 2 turns
 19647 | Zig:13   | Paralysed by accursed screaming for 1 turns
 19656 | Zig:13   | Reached skill level 10 in Translocations
 19688 | Zig:13   | Gained mutation: You are immune to clouds of flame. [demonic ancestry]
 19688 | Zig:13   | Reached XP level 24. HP: 176/176 MP: 10/31
 19699 | Zig:14   | Entered Level 14 of a ziggurat
 19749 | Zig:14   | Reached skill level 1 in Summonings
 19754 | Zig:14   | Gained mutation: Potions and wands are less effective at restoring your health. [a shining eye]
 19776 | Zig:14   | Got a bound steel amulet
 19777 | Zig:14   | Identified the amulet "Voepp" {Ward rN+ MR+ Dex+2} (You found it on level 14 of a ziggurat)
 19799 | Zig:15   | Entered Level 15 of a ziggurat
 19870 | Zig:16   | Entered Level 16 of a ziggurat
 19871 | Zig:16   | Reached skill level 5 in Summonings
 19871 | Zig:16   | Reached XP level 25. HP: 54/182 MP: 2/31
 19931 | Zig:16   | HP: 8/182 [profane servitor/enchanted demon whip (9)]
 19944 | Zig:16   | Noticed an ancient lich
 19945 | Zig:16   | Paralysed by a vampire knight for 2 turns
 19959 | Zig:16   | Paralysed by a vampire knight for 6 turns
 19964 | Zig:16   | Slain by an ancient champion

Vault maps used:
D:1:      matt_arrival_spirals, serial_corexii_hall, corexii_hall_statues_s,
          corexii_hall_statues_x, corexii_hall_statues_t,
          corexii_hall_statues_i, hangedman_decor_push
D:2:      nicolae_gozag_seed_capital, grunt_qazlal_sundering,
          cheibriados_altar_wand_db, nemelex_deck, serial_aquarium,
          aquarium_bridge_long_separate, aquarium_bridge_square,
          aquarium_window_fake, aquarium_window_2, aquarium_window_double,
          aquarium_window_corridor_3, aquarium_view_2e
D:3:      overflow_temple_1_default
D:4:      vehumet_crystals, first_bread, uniq_duvessa
D:5:      lemuel_doored_altar
D:6:      corexii_shantytown, serial_shops, shop, basic_altar, uniq_eustachio
D:7:      grunt_dithmenos_shadows, temple_pool_b
D:8:      kennysheep_little_box, hangedman_tree_tricks, bloody_trog
D:9:      evilmike_ruin_ashenzari, nicolae_ru_path_of_blood, serial_shops, shop,
          kb_rosetta
D:11:     hiddenorc2_lemuel
D:12:     lemuel_upstairs_altar, serial_shops, nicolae_shop_crystal,
          lab_entry_generic, minmay_dual_archer_statues
D:13:     david_vaults_2, basic_altar, makhleb_altar_promises_db
D:14:     feat_on_display
D:15:     gammafunk_depths_entry_grave
Temple:   minmay_temple_bridge_a_8
Lair:1:   basic_altar
Lair:2:   roderic_batcave
Lair:3:   shoals_dummy_entry, minmay_snake_entry_six_corridors, minivault_27
Lair:4:   special_room, grunt_forest_small_clearing_treed
Lair:5:   minivault_11, minmay_lair_oklob_bushes, lemuel_fruit_fields,
          infiniplex_staircase_pool_2
Lair:6:   gammafunk_lair_enchanted_lake, enter_volcano_3, basic_altar,
          lemuel_oklob_altar, grunt_megastairs_3
Lair:7:   nicolae_slime_entry_slimehenge, serial_forest,
          infiniplex_forest_straight_4, infiniplex_forest_end_2,
          infiniplex_forest_clump_C, infiniplex_forest_lined_2,
          infiniplex_forest_clump_C, minmay_lindwurm_lava,
          bh_autumn_forest_stairs
Lair:8:   evilmike_catoblepas_cave, eino_small_chamber_without_monster,
          grunt_forest_large_clearing_hut
Shoals:1: uniq_donald
Shoals:2: uniq_roxanne
Shoals:3: hangedman_feature_mirror, uniq_mara
Shoals:4: shoals_end_grunt_ice, shoals_ilsuiw_ice,
          nicolae_shoals_kraken_intersection
Snake:1:  basic_altar
Snake:2:  uniq_kirke
Snake:3:  st_stairs_11, hangedman_corner_corridor, uniq_jorgrun
Snake:4:  minmay_snake_end_coiled
Slime:3:  cheibrodos_slime_lost_civilization_5
Slime:4:  nicolae_slime_jelly_donut, nicolae_slime_phagocytosis
Orc:1:    enter_bailey_2, mines_bat_river, uniq_urug, uniq_harold
Orc:2:    portal_ice_cave_entry_animals_and_master, basic_altar
Orc:3:    serial_shops, shop_statue, nicolae_orc_pool_cavern,
          minmay_orc_temple_c, uniq_josephine
Orc:4:    st_orc_mages, basic_altar, uniq_maud
Vaults:1: hangedman_vaults_stagger, ontoclasm_vaults_ligature,
          ontoclasm_vaults_ring_large, hangedman_vaults_hat,
          grunt_vaults_funnel, nicolae_vaults_ring_of_whatevers,
          st_spiral_rooms, ontoclasm_vaults_shuriken, vaults_dpeg_ring,
          serial_shops, shop, nicolae_shop_statue_plus, shop, shop_fountains
Vaults:2: ontoclasm_vaults_decontamination, nicolae_vaults_shelves_hall,
          nicolae_vaults_what_the_h, vaults_room_ringed_pool,
          nicolae_vaults_yaktaur_gun_rack, nicolae_vaults_border_crossing,
          ontoclasm_vaults_hangar, vaults_dpeg_cross, vaults_room_grid,
          v_pattern_3, vaults_dpeg_spiral, v_alt_pattern_4, vaults_room_octagon,
          nicolae_vaults_stairing_the_circle, grunt_vaults_focal,
          nicolae_vaults_ring_of_whatevers, vaults_dpeg_hooks, basic_altar,
          serial_shops, shop, uniq_saint_roka
Vaults:3: nicolae_vaults_mini_display_case, serial_ice_h,
          vaults_mumra_minichess_inversion, hangedman_vaults_snaps,
          minmay_crypt_entry_simple_corners, v_pattern_4,
          nicolae_vaults_little_squares_3, nicolae_vaults_asterisk,
          ontoclasm_vaults_idyll, vaults_dpeg_encased_lava, vaults_mumra_hex,
          uniq_wiglaf
Vaults:4: ontoclasm_vaults_ring_small, sword_in_stone,
          hangedman_vaults_capsules, hangedman_vaults_corner, v_misc_4,
          stair_cage_open, hangedman_vaults_maws, v_alt_pattern_3,
          v_alt_pattern_3, grunt_vaults_diagonal, v_misc_26, serial_shops, shop
Depths:1: serial_shops, shop_statue, grunt_metal_band,
          hangedman_abyss_or_decor_slice, grunt_ministairs_11,
          kennysheep_small_square, uniq_asterion
Depths:2: thingy_vault_2, infiniplex_staircase_pillars_3b,
          grunt_hell_entry_dis_old
Depths:3: cheibrodos_spurs, enter_ziggurat_d, pan_entry, hell_entry,
          bh_walls_and_bars, minmay_protected_statue
Zig:5:    ziggurat_pillar_centre_c
Zig:11:   ziggurat_pillar_centre_smoke
Zig:12:   ziggurat_pillar_centre_dead_trees
Zig:14:   ziggurat_loot_2
Lab:      labyrinth_watery
Bailey:   bailey_axe_2, bailey
IceCv:    ice_cave_small_demon
Volcano:  volcano_lake

Action                   |  1- 3 |  4- 6 |  7- 9 | 10-12 | 13-15 | 16-18 | 19-21 | 22-24 | 25-27 || total
-------------------------+-------+-------+-------+-------+-------+-------+-------+-------+-------++-------
Melee: Hand axe          |    73 |    52 |   278 |   269 |       |       |       |       |       ||   672
       Battleaxe         |       |       |       |   414 |   614 |   576 |    38 |       |       ||  1642
       Broad axe         |       |       |       |       |       |   570 |   188 |    15 |       ||   773
       Executioner's axe |       |       |       |       |       |    27 |   848 |   231 |    29 ||  1135
 Cast: Apportation       |       |       |       |       |       |       |       |     1 |     3 ||     4
       Blink             |       |       |       |       |       |       |       |       |     1 ||     1
Invok: Berserk           |     2 |     3 |     5 |     8 |     3 |     2 |       |       |       ||    23
       Trog's Hand       |       |       |     3 |     5 |     8 |    21 |    16 |       |       ||    53
       Brothers in Arms  |       |       |       |     5 |    12 |     3 |     1 |       |       ||    21
       Lesser Servant of |       |       |       |       |       |       |       |    10 |       ||    10
 Abil: Evoke Blink       |       |       |       |       |       |     1 |       |       |       ||     1
Evoke: Wand              |       |       |     4 |     3 |     4 |    11 |     1 |       |       ||    23
  Use: Scroll            |     2 |       |     7 |     5 |    10 |    13 |    13 |    15 |     3 ||    68
       Potion            |       |       |       |     1 |    14 |     8 |     7 |     7 |     4 ||    41
 Stab: Confused          |       |       |     3 |       |     2 |       |       |       |       ||     5
       Distracted        |       |       |       |       |     1 |       |     1 |     1 |       ||     3
       Invisible         |       |       |       |       |       |    43 |       |       |       ||    43
       Held in net/web   |       |       |       |       |       |     1 |       |       |       ||     1
       Petrifying        |       |       |       |       |       |       |       |     3 |       ||     3
       Petrified         |       |       |       |       |       |       |       |     1 |       ||     1
  Eat: Chunk             |       |     2 |     6 |    20 |     9 |    21 |     8 |       |       ||    66
       Bread ration      |       |     1 |       |       |       |       |     1 |       |       ||     2
       Royal jelly       |       |       |     1 |     1 |     1 |       |       |       |       ||     3
       Beef jerky        |       |       |     1 |       |     1 |       |     2 |       |       ||     4
       Fruit             |       |       |       |       |     8 |     4 |     3 |       |       ||    15
       Meat ration       |       |       |       |       |       |       |     1 |       |       ||     1
